| TOP OF THE 1ST |
|
Great Lakes Loons batting - Pitching for Hagerstown Suns : LHP Johnny Busse
|
|
Pitching: LHP Johnny Busse
|
|
|
Batting: RHB Jason Baldwin
|
0-0: Ball 1-0: Ball 2-0: Ball 3-0: Called Strike 3-1: Fly out, F9 (Line Drive, 89S, EV 98.1 MPH)
|
|
Batting: LHB Cory Bowler
|
0-0: Foul Ball, location: 2F 0-1: Ball 1-1: Swinging Strike 1-2: Foul Ball, location: 2F 1-2: Ball 2-2: SINGLE (Groundball, 6S, EV 76.2 MPH) (infield hit)
|
|
Batting: LHB Jesus Ramirez
|
0-0: Ball Cory Bowler steals 2nd base 1-0: Swinging Strike 1-1: Ball 2-1: Foul Ball, location: 2F 2-2: Strikes out swinging
|
|
Batting: RHB Steve Clark
|
0-0: Ball 1-0: Foul Ball, location: 2F 1-1: Swinging Strike 1-2: Strikes out swinging
|
| Top of the 1st over - 0 runs, 1 hit, 0 errors, 1 left on base; Great Lakes 0 - Hagerstown 0 |
| BOTTOM OF THE 1ST |
|
Hagerstown Suns batting - Pitching for Great Lakes Loons : RHP Derek Ziolkowski
|
|
Pitching: RHP Derek Ziolkowski
|
|
|
Batting: RHB Bobby Bricker
|
0-0: Foul Ball, location: 2F 0-1: Ball 1-1: Foul Ball, location: 2F 1-2: Strikes out swinging
|
|
Batting: RHB John McNeill
|
0-0: Ball 1-0: Swinging Strike 1-1: Foul Ball, location: 2F 1-2: Ball 2-2: Strikes out swinging
|
|
Batting: LHB John Holst
|
0-0: Ball 1-0: Foul Ball, location: 2F 1-1: Ground out 4-3 (Groundball, 4, EV 85.0 MPH)
|
| Bottom of the 1st over - 0 runs, 0 hits, 0 errors, 0 left on base; Great Lakes 0 - Hagerstown 0 |
| TOP OF THE 2ND |
|
Great Lakes Loons batting - Pitching for Hagerstown Suns : LHP Johnny Busse
|
|
Batting: RHB Eddie Perry
|
0-0: Ball 1-0: Swinging Strike 1-1: Foul Ball, location: 2F 1-2: Ball 2-2: Strikes out swinging
|
|
Batting: RHB Justin Curran
|
0-0: Foul Ball, location: 2F 0-1: Foul Ball, location: 2F 0-2: Ball 1-2: Ball 2-2: Strikes out swinging
|
|
Batting: RHB Javier Solis
|
0-0: Ball 1-0: SINGLE (Groundball, 6D, EV 94.4 MPH)
|
|
Batting: LHB Jim Jardine
|
0-0: Ball 1-0: Ball 2-0: Called Strike 2-1: SINGLE (Groundball, 4MD, EV 83.8 MPH) (infield hit) Javier Solis to second
|
|
Batting: RHB Joe Bower
|
0-0: Called Strike 0-1: Foul Ball, location: 2F 0-2: Strikes out swinging
|
| Top of the 2nd over - 0 runs, 2 hits, 0 errors, 2 left on base; Great Lakes 0 - Hagerstown 0 |
| BOTTOM OF THE 2ND |
|
Hagerstown Suns batting - Pitching for Great Lakes Loons : RHP Derek Ziolkowski
|
|
Batting: RHB Deshawn Boseman
|
0-0: Ground out 6-3 (Groundball, 56, EV 78.1 MPH)
|
|
Batting: RHB Bryan Wheeler
|
0-0: Ball 1-0: Ball 2-0: Foul Ball, location: 2F 2-1: Foul Ball, location: 2F 2-2: Ball 3-2: Base on Balls
|
|
Batting: RHB Nick Moreno
|
0-0: Called Strike 0-1: Fly out, F8 (Flyball, 8LM, EV 91.9 MPH)
|
|
Batting: RHB Seth Rutz
|
0-0: Called Strike Balk! Bryan Wheeler to second 0-1: Ball 1-1: Swinging Strike 1-2: Strikes out swinging
|
| Bottom of the 2nd over - 0 runs, 0 hits, 0 errors, 1 left on base; Great Lakes 0 - Hagerstown 0 |
| TOP OF THE 3RD |
|
Great Lakes Loons batting - Pitching for Hagerstown Suns : LHP Johnny Busse
|
|
Batting: RHB Jason Baldwin
|
0-0: SINGLE (Groundball, 4MS, EV 68.8 MPH) (infield hit)
|
|
Batting: LHB Cory Bowler
|
0-0: Called Strike Jason Baldwin steals 2nd base 0-1: Foul Ball, location: 2F 0-2: Foul Ball, location: 2F 0-2: Ball 1-2: Ball 2-2: Ground out 6-3 (Groundball, 56, EV 103.1 MPH)
|
|
Batting: LHB Jesus Ramirez
|
0-0: Called Strike 0-1: Ball 1-1: Ground out 6-3 (Groundball, 6S, EV 65.0 MPH) Jason Baldwin to third
|
|
Batting: RHB Steve Clark
|
0-0: Ball 1-0: Fly out, F5 (Popup, 25F, EV 90.6 MPH)
|
| Top of the 3rd over - 0 runs, 1 hit, 0 errors, 1 left on base; Great Lakes 0 - Hagerstown 0 |
| BOTTOM OF THE 3RD |
|
Hagerstown Suns batting - Pitching for Great Lakes Loons : RHP Derek Ziolkowski
|
|
Batting: RHB Jim Towle
|
0-0: Called Strike 0-1: Ball 1-1: Swinging Strike 1-2: Strikes out looking
|
|
Batting: RHB Jelexiz Cuenca
|
0-0: Ball 1-0: Foul Ball, location: 2F 1-1: Foul Ball, location: 2F 1-2: Ball 2-2: Strikes out swinging
|
|
Batting: RHB Bobby Bricker
|
0-0: Ball 1-0: Foul Ball, location: 2F 1-1: Ball 2-1: Ball 3-1: Ground out 6-3 (Groundball, 6, EV 102.5 MPH)
|
| Bottom of the 3rd over - 0 runs, 0 hits, 0 errors, 0 left on base; Great Lakes 0 - Hagerstown 0 |
| TOP OF THE 4TH |
|
Great Lakes Loons batting - Pitching for Hagerstown Suns : LHP Johnny Busse
|
|
Batting: RHB Eddie Perry
|
0-0: Ball 1-0: Ball 2-0: Called Strike 2-1: Foul Ball, location: 2F 2-2: Strikes out swinging
|
|
Batting: RHB Justin Curran
|
0-0: Ball 1-0: Called Strike 1-1: Foul Ball, location: 2F 1-2: Strikes out swinging
|
|
Batting: RHB Javier Solis
|
0-0: Called Strike 0-1: Ball 1-1: Ball 2-1: Foul Ball, location: 2F 2-2: Ground out 6-3 (Groundball, 56, EV 106.2 MPH)
|
| Top of the 4th over - 0 runs, 0 hits, 0 errors, 0 left on base; Great Lakes 0 - Hagerstown 0 |
| BOTTOM OF THE 4TH |
|
Hagerstown Suns batting - Pitching for Great Lakes Loons : RHP Derek Ziolkowski
|
|
Batting: RHB John McNeill
|
0-0: Ball 1-0: Ball 2-0: Fly out, F6 (Line Drive, 6, EV 73.8 MPH)
|
|
Batting: LHB John Holst
|
0-0: Swinging Strike 0-1: Called Strike 0-2: Ball 1-2: Strikes out swinging
|
|
Batting: RHB Deshawn Boseman
|
0-0: Ball 1-0: Ground out 4-3 (Groundball, 4, EV 98.8 MPH)
|
| Bottom of the 4th over - 0 runs, 0 hits, 0 errors, 0 left on base; Great Lakes 0 - Hagerstown 0 |
| TOP OF THE 5TH |
|
Great Lakes Loons batting - Pitching for Hagerstown Suns : LHP Johnny Busse
|
|
Batting: LHB Jim Jardine
|
0-0: Ball 1-0: Foul Ball, location: 2F 1-1: Foul Ball, location: 2F 1-2: Foul Ball, location: 2F 1-2: Foul Ball, location: 2F 1-2: Ball 2-2: Strikes out looking
|
|
Batting: RHB Joe Bower
|
0-0: Called Strike 0-1: SINGLE (Flyball, 89S, EV 87.5 MPH)
|
|
Batting: RHB Jason Baldwin
|
0-0: Called Strike 0-1: Ball 1-1: Ball 2-1: Called Strike 2-2: Reached on error, E5 (Groundball, 5L, EV 85.6 MPH) Joe Bower to second
|
|
Batting: LHB Cory Bowler
|
0-0: Called Strike 0-1: Ball 1-1: Ball 2-1: Ball 3-1: Base on Balls Joe Bower to third Jason Baldwin to second
|
|
Batting: LHB Jesus Ramirez
|
0-0: Called Strike 0-1: Ball 1-1: Swinging Strike 1-2: Strikes out swinging
|
|
Batting: RHB Steve Clark
|
0-0: Ball 1-0: Called Strike 1-1: Ball 2-1: Ball 3-1: Called Strike 3-2: Base on Balls Joe Bower scores Jason Baldwin to third Cory Bowler to second
|
|
Pitching: RHP Bastien Perrini
|
|
|
Batting: RHB Eddie Perry
|
0-0: Called Strike 0-1: Ball 1-1: Foul Ball, location: 2F 1-2: Strikes out swinging
|
| Top of the 5th over - 1 run, 1 hit, 1 error, 3 left on base; Great Lakes 1 - Hagerstown 0 |
| BOTTOM OF THE 5TH |
|
Hagerstown Suns batting - Pitching for Great Lakes Loons : RHP Derek Ziolkowski
|
|
Batting: RHB Bryan Wheeler
|
0-0: Ball 1-0: Called Strike 1-1: Called Strike 1-2: Ball 2-2: Strikes out swinging
|
|
Batting: RHB Nick Moreno
|
0-0: Called Strike 0-1: Swinging Strike 0-2: Ball 1-2: Strikes out looking
|
|
Batting: RHB Seth Rutz
|
0-0: Ball 1-0: Called Strike 1-1: Ball 2-1: Ball 3-1: Fly out, F9 (Flyball, 89S, EV 94.4 MPH)
|
| Bottom of the 5th over - 0 runs, 0 hits, 0 errors, 0 left on base; Great Lakes 1 - Hagerstown 0 |
| TOP OF THE 6TH |
|
Great Lakes Loons batting - Pitching for Hagerstown Suns : RHP Bastien Perrini
|
|
Batting: RHB Justin Curran
|
0-0: Ball 1-0: Ball 2-0: Ball 3-0: Called Strike 3-1: Foul Ball, location: 2F 3-2: Strikes out swinging
|
|
Batting: RHB Javier Solis
|
0-0: Called Strike 0-1: Swinging Strike 0-2: Ball 1-2: Strikes out swinging
|
|
Batting: LHB Jim Jardine
|
0-0: Ball 1-0: Ball 2-0: Ball 3-0: Base on Balls
|
|
Batting: RHB Joe Bower
|
0-0: Called Strike 0-1: Called Strike 0-2: Strikes out looking
|
| Top of the 6th over - 0 runs, 0 hits, 0 errors, 1 left on base; Great Lakes 1 - Hagerstown 0 |
| BOTTOM OF THE 6TH |
|
Hagerstown Suns batting - Pitching for Great Lakes Loons : RHP Derek Ziolkowski
|
|
Batting: RHB Jim Towle
|
0-0: Ball 1-0: Called Strike 1-1: Ball 2-1: Ball 3-1: Foul Ball, location: 2F 3-2: Strikes out swinging
|
|
Batting: RHB Jelexiz Cuenca
|
0-0: Swinging Strike 0-1: Hit by Pitch
|
|
Batting: RHB Bobby Bricker
|
0-0: Ball 1-0: Ball 2-0: Swinging Strike 2-1: Foul Ball, location: 2F 2-2: Foul Ball, location: 2F 2-2: Ball 3-2: Strikes out swinging
|
|
Pinch Hitting: LHB Chance McWilliams
|
0-0: Fly out, F7 (Line Drive, 7LM, EV 101.2 MPH)
|
| Bottom of the 6th over - 0 runs, 0 hits, 0 errors, 1 left on base; Great Lakes 1 - Hagerstown 0 |
| TOP OF THE 7TH |
|
Great Lakes Loons batting - Pitching for Hagerstown Suns : RHP Bastien Perrini
|
|
Pitching: LHP Gregg Huddleston
|
|
|
Now in LF: Chance McWilliams
|
|
|
Now in CF: Nick Moreno
|
|
|
Now in RF: Bryan Wheeler
|
|
|
Batting: RHB Jason Baldwin
|
0-0: Called Strike 0-1: Called Strike 0-2: Ball 1-2: Foul Ball, location: 2F 1-2: Ball 2-2: Ball 3-2: Strikes out swinging
|
|
Batting: LHB Cory Bowler
|
0-0: Called Strike 0-1: Foul Ball, location: 2F 0-2: Ball 1-2: Fly out, F7 (Flyball, 7LM, EV 87.5 MPH)
|
|
Batting: LHB Jesus Ramirez
|
0-0: Foul Ball, location: 2F 0-1: Called Strike 0-2: Strikes out swinging
|
| Top of the 7th over - 0 runs, 0 hits, 0 errors, 0 left on base; Great Lakes 1 - Hagerstown 0 |
| BOTTOM OF THE 7TH |
|
Hagerstown Suns batting - Pitching for Great Lakes Loons : RHP Derek Ziolkowski
|
|
Now in LF: Justin Curran
|
|
|
Now in CF: Ruben Serrata
|
|
|
Now in RF: Joe Bower
|
|
|
Batting: LHB John Holst
|
0-0: Called Strike 0-1: Ball 1-1: Reached on error, E6 (Groundball, 6S, EV 83.1 MPH)
|
|
Batting: RHB Deshawn Boseman
|
0-0: Called Strike 0-1: Ground out 5-3 (Groundball, 56, EV 104.4 MPH)
|
|
Batting: RHB Bryan Wheeler
|
0-0: Ball 1-0: Swinging Strike 1-1: Ball 2-1: Ground out 5-3 (Groundball, 56S, EV 68.8 MPH) John Holst to third
|
|
Batting: RHB Nick Moreno
|
0-0: Swinging Strike 0-1: Ball 1-1: Ball 2-1: Foul Ball, location: 2F 2-2: Ball 3-2: Foul Ball, location: 2F 3-2: Base on Balls
|
|
Batting: RHB Seth Rutz
|
0-0: Ball 1-0: SINGLE (Groundball, 56D, EV 95.6 MPH) John Holst scores Nick Moreno to second
|
|
Pitching: RHP Cameron Williams
|
|
|
Batting: RHB Jim Towle
|
0-0: Ball 1-0: Swinging Strike 1-1: Ball 2-1: Ball 3-1: Swinging Strike 3-2: Foul Ball, location: 2F 3-2: Strikes out swinging
|
| Bottom of the 7th over - 1 run, 1 hit, 1 error, 2 left on base; Great Lakes 1 - Hagerstown 1 |
| TOP OF THE 8TH |
|
Great Lakes Loons batting - Pitching for Hagerstown Suns : LHP Gregg Huddleston
|
|
Pitching: LHP Kevin Besser
|
|
|
Batting: RHB Ruben Serrata
|
0-0: Called Strike 0-1: Foul Ball, location: 2F 0-2: Strikes out swinging
|
|
Batting: RHB Eddie Perry
|
0-0: Foul Ball, location: 2F 0-1: Ground out 4-3 (Groundball, 4M, EV 86.9 MPH)
|
|
Batting: RHB Justin Curran
|
0-0: Ball 1-0: Called Strike 1-1: Foul Ball, location: 2F 1-2: Foul Ball, location: 2F 1-2: Ball 2-2: Ball 3-2: Base on Balls
|
|
Batting: RHB Javier Solis
|
0-0: Called Strike Justin Curran is caught stealing 2nd base 2-4
|
| Top of the 8th over - 0 runs, 0 hits, 0 errors, 0 left on base; Great Lakes 1 - Hagerstown 1 |
| BOTTOM OF THE 8TH |
|
Hagerstown Suns batting - Pitching for Great Lakes Loons : RHP Cameron Williams
|
|
Batting: RHB Jelexiz Cuenca
|
0-0: Ball 1-0: Called Strike 1-1: SINGLE (Line Drive, 7LS, EV 93.8 MPH)
|
|
Batting: RHB Bobby Bricker
|
0-0: Grounds into double play, 1-4-3 (Groundball, P, EV 70.0 MPH)
|
|
Batting: LHB Chance McWilliams
|
0-0: Ball 1-0: Foul Ball, location: 2F 1-1: SINGLE (Groundball, 6MD, EV 103.1 MPH)
|
|
Batting: LHB John Holst
|
0-0: Ball 1-0: Called Strike 1-1: Swinging Strike 1-2: Ball 2-2: Hit by Pitch Chance McWilliams to second
|
|
Batting: RHB Deshawn Boseman
|
0-0: Ball 1-0: Foul Ball, location: 2F 1-1: Ball 2-1: Swinging Strike 2-2: Ball Wild Pitch! Chance McWilliams to third John Holst to second 3-2: Strikes out swinging
|
| Bottom of the 8th over - 0 runs, 2 hits, 0 errors, 2 left on base; Great Lakes 1 - Hagerstown 1 |
| TOP OF THE 9TH |
|
Great Lakes Loons batting - Pitching for Hagerstown Suns : LHP Kevin Besser
|
|
Pitching: RHP Jordan Amaker
|
|
|
Batting: RHB Javier Solis
|
0-0: Ball 1-0: Ball 2-0: Called Strike 2-1: Ground out 6-3 (Groundball, 56, EV 87.5 MPH)
|
|
Batting: LHB Jim Jardine
|
0-0: Called Strike 0-1: Ball 1-1: Ground out U3 (Groundball, 3, EV 86.9 MPH)
|
|
Pinch Hitting: LHB Tore Bosch
|
0-0: Called Strike 0-1: Foul Ball, location: 2F 0-2: SINGLE (Groundball, 6MD, EV 98.1 MPH)
|
|
Batting: RHB Jason Baldwin
|
0-0: Called Strike 0-1: Foul Ball, location: 2F 0-2: Foul Ball, location: 2F 0-2: Ball 1-2: SINGLE (Groundball, 6MD, EV 98.8 MPH) Tore Bosch to second
|
|
Batting: LHB Cory Bowler
|
0-0: Ball 1-0: Ball 2-0: Ball 3-0: Called Strike 3-1: Fielders Choice at 2nd, 6-4 (Groundball, 6, EV 102.5 MPH)
|
| Top of the 9th over - 0 runs, 2 hits, 0 errors, 2 left on base; Great Lakes 1 - Hagerstown 1 |
| BOTTOM OF THE 9TH |
|
Hagerstown Suns batting - Pitching for Great Lakes Loons : RHP Cameron Williams
|
|
Pitching: RHP Matt Hager
|
|
|
Now in RF: Xavier Alaniz
|
|
|
Batting: RHB Bryan Wheeler
|
0-0: Ball 1-0: Called Strike 1-1: Ball 2-1: Ground out 4-3 (Groundball, 4S, EV 83.8 MPH)
|
|
Batting: RHB Nick Moreno
|
0-0: Foul Ball, location: 2F 0-1: Ball 1-1: Ball 2-1: Ground out 5-3 (Groundball, 56, EV 110.6 MPH)
|
|
Batting: RHB Seth Rutz
|
0-0: Ball 1-0: Ground out 6-3 (Groundball, 6S, EV 90.0 MPH)
|
| Bottom of the 9th over - 0 runs, 0 hits, 0 errors, 0 left on base; Great Lakes 1 - Hagerstown 1 |
| TOP OF THE 10TH |
|
Great Lakes Loons batting - Pitching for Hagerstown Suns : RHP Jordan Amaker
|
|
Batting: LHB Jesus Ramirez
|
0-0: Ground out U3 (Groundball, 3, EV 82.5 MPH)
|
|
Batting: RHB Ruben Serrata
|
0-0: Called Strike 0-1: Ball 1-1: Ball 2-1: Ball 3-1: Base on Balls
|
|
Batting: RHB Eddie Perry
|
0-0: Ball 1-0: Foul Ball, location: 2F 1-1: Called Strike 1-2: Strikes out swinging
|
|
Batting: RHB Justin Curran
|
0-0: Ball 1-0: Ball 2-0: Foul Ball, location: 2F 2-1: Foul Ball, location: 2F 2-2: Foul Ball, location: 2F 2-2: Strikes out swinging
|
| Top of the 10th over - 0 runs, 0 hits, 0 errors, 1 left on base; Great Lakes 1 - Hagerstown 1 |
| BOTTOM OF THE 10TH |
|
Hagerstown Suns batting - Pitching for Great Lakes Loons : RHP Matt Hager
|
|
Pitching: RHP Adonis Loyd
|
|
|
Batting: RHB Jim Towle
|
0-0: Called Strike 0-1: Foul Ball, location: 2F 0-2: SOLO HOME RUN (Flyball, 78XD, EV 110.0 MPH), Distance : 417 ft
|
| Bottom of the 10th over - 1 run, 1 hit, 0 errors, 0 left on base; Great Lakes 1 - Hagerstown 2 |
|